 Dungeon Sprint DCSS version 0.27.1-33-g824d729ab1 (webtiles) character file.

Game seed: 2143532507839054827

25 manyhoops the Magician (level 2, -7/20 HPs)
             Began as a Demigod Fire Elementalist on Nov 24, 2021.
             Mangled by an ogre (27 damage)
             ... in the Dungeon (Sprint I: "Red Sonja").
             The game lasted 00:00:25 (318 turns).

manyhoops the Magician (Demigod Fire Elementalist)   Turns: 318, Time: 00:00:26

Health: -7/20      AC:  2    Str:  9    XL:     2   Next: 63%
Magic:  9/10       EV: 12    Int: 17    God:
Gold:   0          SH:  0    Dex: 14    Spells: 10/11 levels left

rFire    . . .     SeeInvis .   (no weapon)
rCold    . . .     Faith    .   (no shield)
rNeg     . . .     Spirit   .   a - +0 robe
rPois    .         Reflect  .   (no helmet)
rElec    .         Harm     .   (no cloak)
rCorr    .         Rampage  .   (no gloves)
Will     .....     NoTele   +   (no boots)
Stlth    ++........             (no amulet)
HPRegen  0.06/turn              (no ring)
MPRegen  0.12/turn              (no ring)

@: very slightly contaminated
A: high mp 1, forlorn
a: no special abilities


You were in the Dungeon.
You visited 1 branch

Inventory:

Armour
 a - a +0 robe (worn)
Wands
 c - a wand of flame (10)
Scrolls
 g - a scroll of blinking
Potions
 b - a potion of curing
 d - a potion of haste
 e - 2 potions of magic


   Skills:
 - Level 1.7 Dodging
 - Level 1.7 Stealth
 + Level 5.1 Spellcasting
 - Level 0.8 Conjurations
 - Level 2.6 Fire Magic


You had 10 spell levels left.
You knew the following spells:

 Your Spells              Type           Power      Damage    Failure   Level
a - Foxfire               Conj/Fire      40%        2x1d6     7%          1

Your spell library contained the following spells:

 Spells                   Type           Power      Damage    Failure   Level
 Conjure Flame            Conj/Fire      10%        6-21      21%         3
 Inner Flame              Hex/Fire       8%         N/A       24%         3
 Sticky Flame             Conj/Fire      10%        2d3       56%         4
 Fireball                 Conj/Fire      5%         3d5       88%         5


Dungeon Overview and Level Annotations

Branches:
Dungeon (1/1)


Innate Abilities, Weirdness & Mutations

Your attributes grow dramatically as you level up.
You have an increased reservoir of magic. (+10% MP)
You shall have no god before yourself.


Message History

You start resting.
You feel a strong urge to attack something.
You start resting.
You are no longer berserk.
You are exhausted.
You feel yourself slow down.
You start resting.
You feel yourself speed up.
You start resting.
You recover from your berserk rage.
You start resting.
Magic restored.
You start resting.
HP restored.
Things that are here:
a +0 club; a +0 scale mail
There is an open door here.
You open the door.
An ogre comes into view. It is wielding a +0 giant club.
Aiming: Throw Flame
Press: ? - help, Shift-Dir - straight line, f - ogre
Aim: an ogre, wielding a +0 giant club (asleep, 100% to hit)
The puff of flame hits the ogre.
The ogre is moderately wounded.
The ogre shouts!
Unknown command.
Aiming: Throw Flame
Press: ? - help, Shift-Dir - straight line, f/p - ogre
Aim: an ogre, wielding a +0 giant club (moderately wounded, 85% to hit)
The puff of flame hits the ogre!
The ogre is heavily wounded.
Unknown command.
Casting: Foxfire (safe; 7% risk of failure)
Confirm with . or Enter, or press ? or * to list all spells.
You miscast Foxfire.
You are very lightly contaminated with residual magic.
Nothing appears to happen.
The ogre hits you with a +0 giant club!!
Ouch! That really hurt!
You die...

##########
#<.#.@O..#
#..'..#..+
#.)#### +#
#..# #..#
#..# #⌠⌠#
####


You could see an ogre.

Vanquished Creatures
  Ijyb (D)
1 creature vanquished.

Vanquished Creatures (others)
  A gargoyle (D)
  4 foxfires (D)
5 creatures vanquished.

Grand Total: 6 creatures vanquished

Notes
Turn   | Place    | Note
-------+----------+-------------------------------------------
     0 | D        | manyhoops the Demigod Fire Elementalist began the quest for
                  | the Orb.
     0 | D        | Reached XP level 1. HP: 14/14 MP: 5/5
     3 | D        | Noticed Ijyb
    15 | D        | HP: 1/21 [Ijyb (1)]
    16 | D        | Killed Ijyb
    17 | D        | Reached skill level 5 in Spellcasting
    17 | D        | Reached XP level 2. HP: 2/20 MP: 3/10
   256 | D        | Killed a gargoyle
   315 | D        | Noticed an ogre
   318 | D        | Mangled by an ogre

Illustrated notes

Levels and vault maps discovered:
D:        dungeon_sprint_1 [red_sonja_temple_1, red_sonja_temple_small_1]

Skill      XL: |  1 |
---------------+----+-----
Spellcasting   | 5 |  5.1
Dodging        | |  1.7
Stealth        | |  1.7
Conjurations   | |  0.8
Fire Magic     | |  2.6

Action                   || total
-------------------------++-------
Melee: Unarmed           ||     7
 Cast: Foxfire           ||     2
Evoke: Wand              ||     2
  Use: Potion            ||     2
Dodge: Dodged            ||     1
